 Dungeon Crawl Stone Soup version 0.32-a0-932-g5467873 (webtiles) character file.

Game seed: 4325663985907164152

638112 Jethros the Sorcerer (level 27, -29/165 HPs)
             Began as a Gargoyle Earth Elementalist on Apr 10, 2024.
             Was the Champion of Vehumet.
             Killed from afar by a hellion (36 damage)
             ... with damnation
             ... summoned by a dread lich
             ... while paralysed by a dread lich
             ... on level 5 of the Realm of Zot on Apr 14, 2024.
             The game lasted 15:45:03 (80051 turns).

Jethros the Sorcerer (Gargoyle Earth Elementalist) Turns: 80051, Time: 15:45:05

Health: -29/165    AC: 33    Str: 13      XL:     27
Magic:  30/59      EV:  2    Int: 37 (38) God:    Vehumet [******]
Gold:   7740       SH:  0    Dex: 11 (12) Spells: 17/72 levels left

rFire   + + .        p - staff "Vuwnud" {rF+ rC+ Ice Earth}
rCold   + + .        f - +3 buckler
rNeg    + + +        a - +3 troll leather armour
rPois   ∞            C - +2 hat {Stlth+}
rElec   +            A - scarf {rC+ rF+}
rCorr   +            s - +0 pair of gloves of the Game of Life {rCorr Dex+3}
SInv    +            D - +2 pair of boots
Will    ++...        U - amulet of magic regeneration
Stlth   +++          X - ring "Juix" {rN++ rCorr Str+2 Int+6}
HPRegen 1.27/turn    K - ring of magical power
MPRegen 0.76/turn

%: clarity
@: paralysed, about to teleport, flying, hasted, studying Throwing, unable to
drink
A: sickness immunity, AC +20, big wings, negative energy resistance 1,
electricity resistance, torment resistance 1, petrification resistance, see
invisible, clarity, clever 1, deterioration 1, weak 1, subdued magic 1,
inability to drink after injury 2
}: 3/15 runes: barnacled, slimy, gossamer
a: Renounce Religion


You were on level 5 of the Realm of Zot.
You worshipped Vehumet.
Vehumet was exalted by your worship.
You visited 13 branches of the dungeon, and saw 57 of its levels.
You visited the Abyss 1 time.
You also visited: Bailey, Ice Cave and Volcano.

You collected 9760 gold pieces.
You spent 2020 gold pieces at shops.

Inventory:

Armour
 a - a +3 troll leather armour (worn)
 f - a +3 buckler (worn)
 m - a +3 leather armour of willpower
 s - the +0 pair of gloves of the Game of Life (worn) {rCorr Dex+3}
   (You found it on level 13 of the Dungeon)

   Dex+3:     It affects your dexterity (+3).
   rCorr:     It protects you from acid and corrosion.
 A - a scarf of resistance (worn)
 C - a +2 hat of stealth (worn)
 D - a +2 pair of boots (worn)
 E - a +0 cloak of willpower
Magical Staves
 d - a staff of conjuration
 p - the staff "Vuwnud" (weapon) {rF+ rC+ Ice Earth}
   (You found it on level 3 of the Elven Halls)

   [staff of earth]

   Base accuracy: +5 Base damage: 5 Base attack delay: 1.2 This weapon's minimum
   attack delay (0.6) is reached at skill level 12.
   rF+:       It protects you from fire.
   rC+:       It protects you from cold.
   Ice:       It increases the power of your Ice spells.
   Earth:     It increases the power of your Earth spells.
   It falls into the 'Staves' category.
   It is a one-handed weapon.
 Z - a staff of fire
Jewellery
 j - the ring of the Assorted Places {rC+ rN++ Int+6}
   (You took it off a skeletal warrior on level 3 of the Crypt)

   [ring of protection from cold]

   Int+6:     It affects your intelligence (+6).
   rC+:       It protects you from cold.
   rN++:      It greatly protects you from negative energy.
 o - the ring "Tuvvyecofe" {Ice +Blink Fly Will+ Slay-2}
   (You took it off Josephina on level 2 of the Depths)

   [ring of ice]

   Ice:       It enhances your ice magic.
   Slay-2:    It affects your accuracy & damage with ranged weapons and melee
   (-2).
   rF-:       It makes you vulnerable to fire.
   rC+:       It protects you from cold.
   Will+:     It increases your willpower.
   Fly:       It grants you flight.
   +Blink:    It lets you blink.
 v - an amulet of reflection
 z - an amulet of regeneration
 H - a ring of fire
 K - a ring of magical power (right hand)
 M - a ring of see invisible
 O - a ring of wizardry
 U - an amulet of magic regeneration (around neck)
 X - the ring "Juix" (left hand) {rN++ rCorr Str+2 Int+6}
   (You took it off a skeletal warrior on level 3 of the Crypt)

   [ring of intelligence]

   Str+2:     It affects your strength (+2).
   Int+6:     It affects your intelligence (+6).
   rN++:      It greatly protects you from negative energy.
   rCorr:     It protects you from acid and corrosion.
Wands
 N - a wand of mindburst (23)
 P - a wand of iceblast (34)
 W - a wand of digging (9)
Scrolls
 e - a scroll of amnesia
 i - 7 scrolls of poison
 k - 6 scrolls of summoning
 q - 14 scrolls of fear
 u - 14 scrolls of teleportation
 w - a scroll of brand weapon
 y - 4 scrolls of revelation
Potions
 b - 7 potions of magic
 c - 5 potions of heal wounds
 g - 4 potions of resistance
 h - 8 potions of cancellation
 l - 2 potions of berserk rage
 t - 26 potions of curing
 x - 13 potions of haste
 B - 2 potions of lignification
 L - 4 potions of brilliance
 Q - 7 potions of invisibility
Miscellaneous
 F - a phial of floods
 R - a phantom mirror


   Skills:
 - Level 15.0 Fighting
 - Level 4.0 Armour
 - Level 8.0 Dodging
 - Level 2.1 Stealth
 - Level 4.0 Shields
 - Level 23.0 Spellcasting
 - Level 22.0 Conjurations
 + Level 15.6 Necromancy
 - Level 22.0 Fire Magic
 - Level 22.0 Earth Magic
 - Level 15.0 Evocations


You had 17 spell levels left.
You knew the following spells:

 Your Spells              Type           Power      Damage    Failure   Level
a - Sandblast             Erth           100%       2d20      0%          1
b - Stone Arrow           Conj/Erth      100%       3d13      0%          3
c - Passwall              Erth           100%       N/A       0%          3
d - Bombard               Conj/Erth      63%        9d10      0%          6
e - Lee's Rapid Deconstr  Erth           63%        3d29*     0%          5
f - Fireball              Conj/Fire      51%        3d20      0%          5
g - Blink                 Tloc           64%        N/A       1%          2
h - Iskenderun's Mystic   Conj/Tloc      76%        2d15      (+2d81%     4
i - Ignition              Fire           51%        3d14      1%          8
k - Fire Storm            Conj/Fire      51%        8d13      2%          9
l - Death's Door          Necr           44%        N/A       80%         9

Your spell library contained the following spells:

 Spells                   Type           Power      Damage    Failure   Level
 Chain Lightning          Conj/Air       38%        3d50      90%         9
 Foxfire                  Conj/Fire      100%       2x1d9     0%          1
 Kiss of Death            Conj/Necr      100%       2d13      0%          1
 Magic Dart               Conj           100%       1d8       0%          1
 Necrotise                Necr           100%       1d9       0%          1
 Sting                    Conj/Alch      100%       1d9       0%          1
 Searing Ray              Conj           100%       2d8       0%          2
 Hailstorm                Conj/Ice       97%        3d15      0%          3
 Inner Flame              Hex/Fire       76%        N/A       0%          3
 Vampiric Draining        Necr           89%        2d12      0%          3
 Volatile Blastmotes      Fire/Tloc      100%       2d18      0%          3
 Brom's Barrelling Bould  Conj/Erth      100%       2d11      0%          4
 Dispel Undead            Necr           89%        3d28      0%          4
 Flame Wave               Conj/Fire      100%       2d21      0%          4
 Iskenderun's Battlesphe  Conj           100%       2d15      0%          5
 Starburst                Conj/Fire      51%        6d14      0%          6
 Apportation              Tloc           64%        N/A       1%          1
 Freeze                   Ice            100%       1d10      1%          1
 Slow                     Hex            100%       N/A       1%          1
 Summon Small Mammal      Summ           100%       N/A       1%          1
 Call Imp                 Summ           64%        N/A       1%          2
 Jinxbite                 Hex            64%        N/A       1%          2
 Lesser Beckoning         Tloc           64%        N/A       1%          2
 Mercury Vapours          Alch/Air       64%        N/A       1%          2
 Confusing Touch          Hex            32%        N/A       1%          3
 Frozen Ramparts          Ice            98%        1d15      1%          3
 Maxwell's Portable Pile  Tloc           32%        2d(8-23)  1%          3
 Ozocubu's Armour         Ice            49%        N/A       1%          3
 Teleport Other           Tloc           32%        N/A       1%          3
 Tukima's Dance           Hex            32%        N/A       1%          3
 Animate Armour           Summ/Erth      100%       N/A       1%          4
 Fulminant Prism          Conj/Alch      38%        3d18      1%          4
 Ignite Poison            Fire/Alch      76%        N/A       1%          4
 Leda's Liquefaction      Alch/Erth      48%        N/A       1%          4
 Petrify                  Alch/Erth      97%        N/A       1%          4
 Sticky Flame             Fire/Alch      76%        2d12      1%          4
 Summon Blazeheart Golem  Fire/Summ      76%        N/A       1%          4
 Arcjolt                  Conj/Air       38%        1d48      1%          5
 Freezing Cloud           Conj/Ice/Air   42%        6-21      1%          5
 Irradiate                Conj/Alch      38%        3d24      1%          5
 Conjure Ball Lightning   Conj/Air       38%        3x3d12    1%          6
 Permafrost Eruption      Ice/Erth       60%        2x4d13    1%          6
 Plasma Beam              Fire/Air       38%        2x1d51    1%          6
 Spellforged Servitor     Conj/Summ      38%        N/A       1%          7
 Olgreb's Toxic Radiance  Alch           32%        N/A       2%          4
 Yara's Violent Unravell  Hex/Alch       16%        3d8       6%          5
 Passage of Golubria      Tloc           32%        N/A       8%          4
 Vhi's Electric Charge    Tloc/Air       64%        N/A       8%          4
 Borgnjor's Revivificati  Necr           44%        N/A       8%          8
 Alistair's Intoxication  Alch           21%        N/A       22%         5
 Metabolic Englaciation   Hex/Ice        24%        N/A       22%         5
 Silence                  Hex/Air        16%        N/A       22%         5
 Summon Mana Viper        Hex/Summ       32%        N/A       22%         5
 Haunt                    Necr/Summ      33%        N/A       28%         7
 Eringya's Noxious Bog    Alch           16%        4d6       32%         6
 Sculpt Simulacrum        Ice/Alch       24%        N/A       78%         6
 Ozocubu's Refrigeration  Ice            24%        4d12      85%         7
 Enfeeble                 Hex            16%        N/A       100%        7
 Monstrous Menagerie      Summ           16%        N/A       100%        7
 Summon Hydra             Summ           16%        N/A       100%        7
 Discord                  Hex            16%        N/A       100%        8
 Maxwell's Capacitive Co  Air            16%        ∞         100%        8
 Polar Vortex             Ice            24%        12d3*     100%        9
 Sublimation of Blood     Necr           Unusable   N/A       N/A         2
 Cigotuvi's Dreadful Rot  Necr/Alch/Air  Unusable   N/A       N/A         2

Dungeon Overview and Level Annotations

Branches:
Dungeon (15/15)            Temple (1/1) D:6            Lair (5/5) D:8
 Shoals (4/4) Lair:3       Spider (4/4) Lair:3        Slime (5/5) Lair:5
    Orc (2/2) D:12            Elf (3/3) Orc:2        Vaults (5/5) D:13
  Crypt (3/3) Vaults:3       Tomb (1/3) Crypt:3      Depths (4/4) D:15
    Zot (5/5) Depths:4     Bailey (visited)           IceCv (visited)
Volcano (visited)

Altars:
Ashenzari
Cheibriados
Dithmenos
Elyvilon
Fedhas
Gozag
Hepliaklqana
Kikubaaqudgha
Makhleb
Nemelex Xobeh
Okawaru
Qazlal
Ru
Sif Muna
Trog
Uskayaw
Vehumet
Wu Jian
Xom
Yredelemnul
Zin
The Shining One
Beogh
Jiyva
Lugonu

Shops:
D:1 (=   D:2 [   D:6 :   D:13 :   D:14 :   Orc:2 (((!=   Elf:3 =::   Shoals:1 *
Vaults:2 ([   Vaults:4 [

Portals:
Hell: Depths:1 Depths:2 Depths:3 Depths:4
Abyss: Depths:1 Depths:3
Pandemonium: Depths:2 Depths:4
Ziggurat: Depths:2

Annotations:
D:4 2 transporters, onfire's ghost, novice GnSh
Crypt:2 1 runed translucent door, Esecs's ghost, veteran GrEE


Innate Abilities, Weirdness & Mutations

You are immune to sickness and miasma.
Your stone body is resilient. (AC +20)
You are immune to poison.
Your large and strong wings let you fly.
You resist negative energy. (rN+)
You are resistant to electric shocks. (rElec)
You are resistant to unholy torment.
You are immune to petrification.
You have supernaturally acute eyesight. (SInv)
You possess an exceptional clarity of mind.
Your mind is acute. (Int +4, Str/Dex -1)
Your body sometimes deteriorates upon taking damage.
You are weak. (Str -2)
Your spells are a little easier to cast, but a little less powerful.
You sometimes lose the ability to drink potions when taking damage.


Message History

The fireball engulfs the tentacled monstrosity!
The tentacled monstrosity resists.
You kill the tentacled monstrosity!
Vehumet accepts your kill.
You feel your power returning.
The fireball engulfs the orb of fire.
The orb of fire completely resists.
The fireball engulfs the orb of fire.
The orb of fire completely resists.
The fireball engulfs the dread lich!
The dread lich resists.
The dread lich is almost destroyed.
The fireball engulfs the orb of fire.
The orb of fire completely resists.
The fireball engulfs the dread lich!
The dread lich resists.
The dread lich is almost destroyed.
The fireball engulfs the orb of fire.
The orb of fire completely resists.
The fireball engulfs the orb of fire.
The orb of fire completely resists.
You feel ready to blink again.
The dread lich touches you but does no damage.
Casting: Ignition (mildly dangerous; 1% risk of failure)
Confirm with . or Enter, or press ? or * to list all spells.
You blink.
The dread lich casts a spell.
The orb of fire glows deep purple.
The bolt of fire hits you! You resist.
* * * LOW HITPOINT WARNING * * *
The dread lich casts a spell.
The orb of fire emits a lurid red light.
The fireball explodes!
The fireball engulfs you! You resist.
* * * LOW HITPOINT WARNING * * *
The dread lich casts a spell at you.
You suddenly lose the ability to move!
The orb of fire glows red.
The bolt of fire hits you! You resist.
* * * LOW HITPOINT WARNING * * *
Your body deteriorates!
You feel dopey.
You feel ready to blink again.
The orb of fire glows deep purple.
The fireball explodes!
The fireball engulfs you. You resist.
* * * LOW HITPOINT WARNING * * *
The hellion gestures at you.
The sphere of damnation explodes!
The damnation engulfs you!!!
You die...

.## #...............# ▓##.....
..## *#....^.^......#* ##......
...## #.............# ##.......
....# ##.......2...## #........
$.^.# #...........# #........
....# ##.)...*.....## #........
.^..# #.....2$.L*...# #........
....# ##............^## #......^.
....#*#.....L...@.....#*#........
...###...###########...###......=
..##....## *#...,*#......
..^...##* **#..^....... ▓▓▓▓▓▓#
#▓▓▓▓▓▓▓▓▓▓ ..▓▓▓* ****,,,,,,
.....▓## ***,,,,,,,,, ..^....##
**,,,,,,,,,,, ........# *********
*,,,,,,,,,,,,


You could see 2 orbs of fire, 2 dread liches, a cacodemon (summoned) and a
hellion (summoned).

Vanquished Creatures
  the Royal Jelly (Slime:5)
  An ancient lich (Zot:5)
  Frederick (Depths:3)
  Mara (Spider:4)
  3 juggernauts
  A royal mummy (Tomb:1)
  Saint Roka (Vaults:1)
  4 curse toes
  2 caustic shrikes
  A bone dragon (Zot:4)
  12 golden dragons
  3 doom hounds (Zot:3)
  2 electric golems
  A walking crystal tome (Depths:3)
  2 Tzitzimimeh (Zot:3)
  3 walking earthen tomes
  7 liches
  15 tentacled monstrosities
  7 Orb Guardians (Zot:5)
  7 quicksilver dragons
  Asterion (Depths:1)
  The ghost of Ybij the Severer, an adept MDFi of Okawaru (Shoals:3)
  Grunn (Zot:3)
  3 walking divine tomes
  Mlioglotl (Shoals:4)
  A deep elf blademaster (Elf:2)
  4 titans
  2 deep elf master archers (Elf:3)
  8 sphinxes
  10 death cobs
  A walking frostbound tome (Depths:2)
  18 acid blobs
  6 krakens
  9 ancient champions
  5 tengu reavers
  Kirke (Elf:1)
  8 storm dragons
  Donald (Crypt:1)
  14 shadow dragons
  4 revenants
  Aizul (Spider:4)
  5 protean progenitors
  12 azure jellies
  16 rockslimes
  2 draconian knights (Zot:1)
  3 draconian monks (Zot:1)
  6 draconian shifters
  A balrug (Depths:2)
  12 fire giants
  9 deep elf sorcerers (Elf:3)
  2 emperor scorpions
  5 frost giants
  2 curse skulls
  4 ghouls
  15 vault wardens
  The ghost of diche the Earth Mage, an adept DEEE of Vehumet (Elf:1)
  7 deep elf elementalists (Elf:3)
  3 iron dragons
  6 ghost moths
  5 draconian scorchers
  4 draconian annihilators
  2 spriggan defenders (Depths:2)
  8 stone giants
  An orc warlord (Vaults:2)
  2 reapers (Zot:3)
  14 quicksilver oozes
  2 draconian stormcallers
  2 formless jellyfish
  11 ironbound thunderhulks
  15 ironbound preservers
  Nessos (Orc:2)
  18 very ugly things
  8 vampire knights
  6 deep elf death magi
  3 deep elf demonologists (Elf:3)
  6 green draconians
  A lorocyproca (Abyss:2)
  12 red draconians
  9 black draconians
  4 bennus (Tomb:1)
  2 war gargoyles (Vaults:1)
  24 spark wasps
  13 purple draconians
  4 white draconians
  16 dire elephants
  9 yellow draconians
  3 eidola
  6 deep elf annihilators (Elf:3)
  Snorg (D:12)
  9 ettins
  A blizzard demon (Depths:1)
  A mummy priest (Tomb:1)
  11 merfolk impalers
  8 fire dragons
  6 yaktaur captains
  5 merfolk javelineers
  An entropy weaver (Spider:1)
  20 jiangshi
  36 vault guards
  Fannar (D:11)
  2 hydras
  4 ice dragons
  4 deep elf high priests (Elf:3)
  4 rakshasas
  10 great orbs of eyes
  Erolcha (Orc:2)
  2 catoblepae
  A spriggan air mage (Depths:4)
  5 ironbound frosthearts
  7 merfolk aquamancers
  A jorogumo (Spider:1)
  2 peacekeepers
  6 merfolk avatars (Shoals:4)
  2 alligator snapping turtles
  A spriggan skeleton (Crypt:1)
  25 centaur warriors
  2 ogre magi (Vaults:4)
  2 radroaches
  2 satyrs
  5 boulder beetles
  23 dancing weapons
  11 death scarabs
  4 two-headed ogres
  4 deep troll shamans
  3 death knights
  4 deep troll earth magi
  Urug (D:13)
  19 death yaks
  An occultist (Depths:2)
  5 vampire magi
  7 tengu warriors
  11 demonic crawlers
  2 spriggan berserkers (Depths:2)
  11 hell knights
  18 deep elf knights
  An emperor scorpion zombie (Crypt:1)
  Nergalle (Orc:2)
  4 soul eaters
  2 fire crabs (Vaults:4)
  A storm dragon zombie (Crypt:1)
  2 iron trolls (Depths:2)
  47 skeletal warriors
  6 pharaoh ants
  A death drake (Zot:4)
  4 skysharks
  13 deep elf archers
  3 sixfirhies
  A storm dragon skeleton (Zot:4)
  54 deep trolls
  A glowing orange brain (shapeshifter) (Depths:2)
  4 glowing orange brains
  8 flayed ghosts
  2 shadow wraiths (Crypt:3)
  9 sea snakes
  6 bog bodies
  A fenstrider witch simulacrum (Crypt:3)
  A steelbarb worm (shapeshifter) (Depths:2)
  A golden dragon skeleton (Crypt:2)
  An obsidian statue (Shoals:3)
  2 sun moths (Vaults:4)
  A spectral jorogumo (Spider:4)
  10 orb spiders
  6 steelbarb worms
  A spectral wolf spider (Spider:4)
  7 arcanists
  3 obsidian bats (Orc:2)
  An orb spider (shapeshifter) (Depths:4)
  10 necromancers
  13 ironbound convokers
  32 deep elf pyromancers
  11 phantasmal warriors
  2 sphinx simulacra (Depths:3)
  12 orc knights
  25 deep elf zephyrmancers
  11 wolf spiders
  9 harpies
  3 lindwurms (Volcano)
  2 oklob plants (Lair:3)
  9 orc sorcerers
  A frost giant zombie (Crypt:2)
  37 ugly things
  16 manticores
  A will-o-the-wisp (Vaults:4)
  10 cyclopes
  15 fauns
  7 shining eyes
  A faun (shapeshifter) (Depths:4)
  21 elephants
  24 moths of wrath
  A centaur zombie (Crypt:1)
  9 merfolk sirens
  7 meliai
  17 vault sentinels
  A stone giant skeleton (Vaults:3)
  5 black mambas
  3 rust devils
  A kobold blastminer (Orc:2)
  2 naga magi (Vaults:4)
  Joseph (D:7)
  7 water nymphs
  3 eyes of devastation
  2 molten gargoyles (Vaults:4)
  3 ice statues
  An orange demon (D:10)
  2 torpor snails
  A water nymph (shapeshifter) (Depths:2)
  6 smoke demons
  4 gargoyles
  2 large abominations (Abyss:2)
  6 cane toads
  Maggie (D:9)
  A dire elephant skeleton (Tomb:1)
  An unseen horror (shapeshifter) (Elf:1)
  A spectral redback (Spider:4)
  4 rime drakes
  2 unseen horrors
  9 komodo dragons
  2 ice devils (D:10)
  29 yaktaurs
  A yaktaur (shapeshifter) (Depths:3)
  3 kobold demonologists
  An efreet (D:13)
  5 freezing wraiths
  3 tengu conjurers
  Psyche (D:10)
  8 guardian mummies
  A tormentor (Zot:3)
  2 redback zombies (Spider:4)
  A red devil (D:10)
  4 trolls
  28 merfolk
  A hornet (D:9)
  3 wind drakes
  A tengu simulacrum (Depths:2)
  22 jumping spiders
  3 polar bears
  19 dream sheep
  2 spectral tarantellas (Spider:4)
  3 harpy skeletons
  3 raiju (Abyss:2)
  7 snapping turtles
  2 spectral jumping spiders (Spider:4)
  18 tarantellas
  2 spectral culicivoras (Spider:4)
  8 glass eyes
  2 tarantella zombies (Spider:4)
  2 frost giant simulacra
  2 culicivora zombies (Spider:4)
  A jumping spider zombie (Spider:4)
  22 blink frogs
  148 slime creatures
  A small abomination (Abyss:2)
  23 culicivoras
  A spriggan (shapeshifter) (D:15)
  A vampire (D:10)
  A centaur simulacrum (Crypt:3)
  An ettin skeleton (Crypt:2)
  4 air elementals (Elf:3)
  13 water elementals
  10 wyverns
  A shadow (D:12)
  A ynoxinul (D:10)
  2 fire elementals
  6 wraiths
  2 ushabtiu (Tomb:1)
  4 golden eyes
  3 wargs
  31 yaks
  4 hogs (Elf:1)
  74 redbacks
  A golden eye (shapeshifter) (D:15)
  5 basilisks
  10 vampire mosquitoes
  A wind drake skeleton (Crypt:2)
  An elf skeleton (Vaults:3)
  Menkaure (D:5)
  3 steam dragons
  A swamp worm (shapeshifter) (Elf:3)
  4 acid dragons
  7 water moccasins
  4 great orb of eyes simulacra (IceCv)
  A demonspawn zombie (Crypt:2)
  A deep troll skeleton (Crypt:2)
  3 ice beasts
  17 orc warriors
  5 black bears
  13 ogres
  A sky beast (D:7)
  47 laughing skulls
  21 wolves
  3 boggarts (D:15)
  9 centaurs
  A phantom (D:5)
  6 slime creature simulacra (IceCv)
  6 kobold brigands
  A weeping skull (Crypt:3)
  A brain worm (Abyss:2)
  2 gnoll sergeants
  9 bullfrogs
  2 earth elementals
  A warg zombie (Crypt:1)
  4 scorpions
  3 glowing shapeshifter simulacra (IceCv)
  A raiju zombie (Crypt:1)
  4 wights
  A swamp dragon simulacrum (Crypt:1)
  16 killer bees
  4 electric eels (Elf:2)
  11 howler monkeys
  A lava snake (Vaults:4)
  A bombardier beetle (D:4)
  A quasit (D:10)
  4 hounds
  15 orc priests
  8 jellies
  3 sleepcaps
  9 iguanas
  38 orc wizards
  3 spriggan simulacra
  A boggart skeleton (Crypt:2)
  11 hell rats
  A statue (D:6)
  A troll simulacrum (D:11)
  A shapeshifter simulacrum (IceCv)
  A killer bee zombie (Crypt:1)
  A deep dwarf zombie (Crypt:1)
  A brain worm zombie (Crypt:2)
  A deep dwarf skeleton (Crypt:1)
  A hound zombie (Crypt:1)
  12 mummies (Tomb:1)
  12 gnolls
  8 adders
  A steam dragon zombie (Crypt:1)
  A naga simulacrum (D:11)
  2 shadow imps (D:5)
  2 white imps
  2 ufetubi (D:7)
  A dart slug (D:1)
  3 ribbon worms (D:2)
  90 orcs
  5 endoplasms
  6 giant cockroaches
  10 goblins
  7 hobgoblins
  6 jackals
  25 kobolds
  3 quokkas
  5 ball pythons
  2 bats
  5 frilled lizards
  A goblin zombie (Crypt:1)
  4 rats
  6 aspiring fleshes
  18 fire vortices
  A spectral weapon (Depths:1)
  14 tentacles
2519 creatures vanquished.

Vanquished Creatures (collateral kills)
  Josephina (Depths:2)
  2 royal mummies (Tomb:1)
  A Killer Klown (Zot:5)
  2 golden dragons
  3 tentacled monstrosities
  An Orb Guardian (Zot:5)
  A sphinx (Tomb:1)
  A quicksilver dragon (Zot:1)
  An acid blob (Slime:5)
  A walking divine tome (Depths:4)
  A death cob (Zot:3)
  A storm dragon (Depths:3)
  3 frost giants
  A ghoul (Crypt:3)
  A stone giant (Depths:1)
  A very ugly thing (Depths:4)
  A green draconian (Depths:4)
  2 vampire knights
  A red draconian (Zot:1)
  A purple draconian (Zot:1)
  A jiangshi (Depths:3)
  2 ice dragons
  A spriggan zombie (Depths:2)
  A jorogumo (Spider:4)
  A deep troll earth mage (Depths:2)
  2 vampire magi (Crypt:1)
  A soul eater (Crypt:2)
  2 skeletal warriors
  A death drake (Zot:4)
  A bunyip zombie (Tomb:1)
  A wolf spider zombie (Spider:4)
  A stone giant zombie (Depths:2)
  A naga zombie (Tomb:1)
  2 culicivoras (Spider:2)
  A redback (Spider:3)
  A redback (shapeshifter) (Depths:3)
  A swamp dragon zombie (Crypt:1)
48 creatures vanquished.

Vanquished Creatures (others)
  A slime creature (D:15)
  2 humans (Elf:1)
  A goblin (D:8)
  405 fire vortices
  44 tentacles
453 creatures vanquished.

Grand Total: 3020 creatures vanquished

Notes
Turn   | Place    | Note
-------+----------+-------------------------------------------
     0 | D:1      | Jethros the Gargoyle Earth Elementalist began the quest for
                  | the Orb.
     0 | D:1      | Reached XP level 1. HP: 10/10 MP: 3/3
   209 | D:1      | Reached XP level 2. HP: 15/15 MP: 0/5
   321 | D:1      | Found Feruull's Weapon Shoppe.
   619 | D:1      | Found Yxtejo's Jewellery Emporium.
   893 | D:1      | Reached XP level 3. HP: 19/19 MP: 3/6
   898 | D:1      | Learned a level 3 spell: Stone Arrow
   902 | D:1      | Learned a level 3 spell: Passwall
   946 | D:1      | You fall into a shaft and drop 1 floor!
  1800 | D:2      | Found a faded altar of an unknown god.
  1833 | D:2      | Found Vopeomn's Antique Armour Emporium.
  2142 | D:2      | Reached skill level 3 in Spellcasting
  2142 | D:2      | Reached XP level 4. HP: 24/24 MP: 6/8
  2580 | D:3      | Reached skill level 5 in Earth Magic
  2610 | D:3      | Reached XP level 5. HP: 26/28 MP: 5/9
  3347 | D:2      | Bought a pair of glowing gloves for 157 gold pieces
  3522 | D:4      | Noticed an ogre
  3862 | D:4      | Noticed onfire's ghost (novice GnSh)
  3873 | D:4      | Found a transporter.
  3887 | D:4      | Found a transporter.
  3902 | D:4      | Reached XP level 6. HP: 32/32 MP: 6/11
  4242 | D:4      | Found a glowing golden altar of the Shining One.
  4498 | D:5      | Entered Level 5 of the Dungeon
  4498 | D:5      | Noticed an ice beast
  4541 | D:5      | Killed an ice beast
  4542 | D:5      | Reached skill level 4 in Spellcasting
  4646 | D:5      | Noticed a black bear
  4691 | D:5      | Found a shadowy altar of Dithmenos.
  4711 | D:5      | Killed a black bear
  4712 | D:5      | Reached XP level 7. HP: 34/36 MP: 7/13
  5011 | D:4      | Reached skill level 5 in Spellcasting
  5011 | D:4      | Reached skill level 5 in Conjurations
  5105 | D:4      | Reached XP level 8. HP: 41/41 MP: 8/15
  5203 | D:5      | Identified the +9 rapier "Onyc" {flame, rElec rC+ Str+2}
  5284 | D:5      | Reached skill level 1 in Fighting
  5284 | D:5      | Reached skill level 1 in Armour
  5287 | D:5      | Reached skill level 1 in Evocations
  5287 | D:5      | Noticed Menkaure
  5519 | D:5      | Killed Menkaure
  5918 | D:6      | Found a bloodstained altar of Trog.
  6125 | D:6      | Reached XP level 9. HP: 49/49 MP: 13/17
  6320 | D:6      | Found a staircase to the Ecumenical Temple.
  6325 | Temple   | Entered the Ecumenical Temple
  6326 | Temple   | Upgraded the game from 0.32-a0-918-g0f22ef8 to
                  | 0.32-a0-920-geafeab6
  6507 | D:6      | Found Niepaxoy's Vocational Training.
  6601 | D:6      | Found a radiant altar of Vehumet.
  6607 | D:6      | Became a worshipper of Vehumet
  7151 | D:7      | Reached skill level 6 in Spellcasting
  7151 | D:7      | Reached * piety under Vehumet
  7151 | D:7      | Offered knowledge of Kiss of Death by Vehumet.
  7209 | D:7      | Noticed Joseph
  7227 | D:7      | Killed Joseph
  7798 | D:7      | Reached XP level 10. HP: 57/57 MP: 16/19
  7994 | D:8      | Found a flagged portal.
  7994 | D:8      | Noticed a two-headed ogre
  8292 | D:8      | Killed a two-headed ogre
  8385 | Bailey   | Entered a bailey
  8403 | Bailey   | Offered knowledge of Static Discharge by Vehumet.
  8407 | Bailey   | Reached ** piety under Vehumet
  8582 | Bailey   | Reached skill level 5 in Fighting
  8741 | Bailey   | Noticed an orc knight
  8756 | Bailey   | Killed an orc knight
  8759 | Bailey   | Reached skill level 7 in Spellcasting
  8800 | Bailey   | Noticed an orc knight
  8812 | Bailey   | Noticed an orc knight
  8813 | Bailey   | Killed an orc knight
  8822 | Bailey   | Killed an orc knight
  9038 | D:8      | Reached XP level 11. HP: 61/64 MP: 21/21
  9152 | D:8      | Offered knowledge of Scorch by Vehumet.
  9593 | D:8      | Found a staircase to the Lair.
  9745 | D:9      | Reached skill level 5 in Dodging
  9800 | D:9      | Reached skill level 5 in Evocations
  9937 | D:9      | Found a broken altar of Ashenzari.
  9939 | D:9      | Found a hazy altar of Hepliaklqana.
  9941 | D:9      | Reached *** piety under Vehumet
  9942 | D:9      | Found a shimmering altar of Xom.
  9969 | D:9      | Reached skill level 10 in Earth Magic
 10031 | D:9      | Found a shimmering blue altar of Sif Muna.
 10231 | D:9      | Offered knowledge of Airstrike by Vehumet.
 10378 | D:9      | Noticed Maggie
 10419 | D:9      | Killed Maggie
 10745 | D:10     | Entered Level 10 of the Dungeon
 10863 | D:10     | Noticed Psyche
 10863 | D:10     | Noticed a two-headed ogre
 10942 | D:10     | Killed a two-headed ogre
 11030 | D:10     | Killed Psyche
 11031 | D:10     | Reached skill level 8 in Spellcasting
 11356 | D:10     | Reached XP level 12. HP: 72/72 MP: 13/24
 11456 | D:10     | Reached **** piety under Vehumet
 11493 | D:10     | Found a transporter.
 11495 | D:10     | Found a transporter.
 11498 | D:10     | Found a transporter.
 11499 | D:10     | Found a transporter.
 11676 | D:10     | Offered knowledge of Iskenderun's Mystic Blast by Vehumet.
 11734 | D:10     | Learned a level 4 spell: Iskenderun's Mystic Blast
 11909 | D:11     | Found a runed translucent door.
 12009 | D:11     | Noticed a two-headed ogre
 12014 | D:11     | Killed a two-headed ogre
 12037 | D:11     | Found a frozen archway.
 12061 | IceCv    | Entered an ice cave
 12250 | IceCv    | Noticed a quicksilver ooze
 12257 | IceCv    | Killed a quicksilver ooze
 12955 | IceCv    | Reached ***** piety under Vehumet
 12955 | IceCv    | Offered knowledge of Permafrost Eruption by Vehumet.
 13096 | IceCv    | Noticed a quicksilver ooze
 13099 | IceCv    | Noticed an azure jelly
 13102 | IceCv    | Killed a quicksilver ooze
 13113 | IceCv    | Killed an azure jelly
 13114 | IceCv    | Reached skill level 10 in Conjurations
 13218 | IceCv    | Found a viscous altar of Jiyva.
 13233 | IceCv    | Got the +4 dagger of Geonkuaxu {freeze, rElec Will+}
 13237 | IceCv    | Identified the amulet "Byluecsa" {Spirit Dex+3}
 13332 | D:11     | Noticed Fannar
 13499 | D:11     | Reached skill level 9 in Spellcasting
 13727 | D:11     | Reached XP level 13. HP: 68/80 MP: 13/26
 13946 | D:11     | Identified the +0 ring mail of Dishonour {-Cast rPois rC+
                  | rCorr}
 14398 | Lair:1   | Entered Level 1 of the Lair of Beasts
 15681 | Lair:1   | Identified the +3 long sword of Glamorous Absolution
                  | {flame, Fly rElec Will- MP+9}
 17513 | Lair:2   | Reached skill level 10 in Fighting
 17974 | Lair:3   | Reached skill level 10 in Spellcasting
 17974 | Lair:3   | Gained mutation: Your large and strong wings let you fly.
                  | [Gargoyle growth]
 17974 | Lair:3   | Reached XP level 14. HP: 72/88 MP: 14/28
 18117 | Lair:3   | Identified the +4 flail of Impermanence {chaos, rElec rCorr
                  | Int+2}
 18246 | Lair:3   | Found a staircase to the Shoals.
 18618 | Lair:3   | Found a hole to the Spider Nest.
 18625 | Lair:3   | Offered knowledge of Yara's Violent Unravelling by Vehumet.
 18663 | Lair:3   | Reached skill level 1 in Fire Magic
 19260 | Lair:3   | Found a blossoming altar of Fedhas.
 20342 | Lair:4   | Identified the +6 hand axe "Couwytt" {protect, Str+3}
 20910 | Lair:5   | Entered Level 5 of the Lair of Beasts
 20937 | Lair:5   | Found a dark tunnel.
 20946 | Volcano  | Entered a volcano
 21459 | Lair:5   | Found a gate leading to a gauntlet.
 21466 | Lair:5   | Found a staircase to the Slime Pits.
 21475 | Lair:5   | Found a viscous altar of Jiyva.
 21771 | D:8      | Upgraded the game from 0.32-a0-920-geafeab6 to
                  | 0.32-a0-921-g04a7ad8
 21948 | D:12     | Reached skill level 5 in Fire Magic
 22628 | D:12     | Noticed Snorg
 22634 | D:12     | Killed Snorg
 23521 | D:12     | Found a staircase to the Orcish Mines.
 23527 | D:12     | Learned a level 2 spell: Blink
 23536 | D:12     | Learned a level 8 spell: Ignition
 23728 | D:13     | Reached XP level 15. HP: 86/95 MP: 28/29
 23805 | D:13     | Identified the +1 robe of the Louse {^Drain rC+ Str+3
                  | Stlth+}
 23821 | D:13     | Identified the +0 pair of gloves of the Game of Life {rCorr
                  | Dex+3}
 23955 | D:13     | Noticed Urug
 23974 | D:13     | Killed Urug
 23974 | D:13     | Offered knowledge of Lee's Rapid Deconstruction by Vehumet.
 23981 | D:13     | Learned a level 5 spell: Lee's Rapid Deconstruction
 24877 | D:13     | Found Tielaille's Book Shop.
 25139 | D:13     | Found a gate to the Vaults.
 25357 | D:6      | Bought a manual of Evocations for 880 gold pieces
 26153 | D:14     | Found Xigidoeh's Book Emporium.
 26305 | D:14     | Reached skill level 10 in Fire Magic
 26563 | D:15     | Entered Level 15 of the Dungeon
 27618 | D:15     | Offered knowledge of Fireball by Vehumet.
 27625 | D:15     | Learned a level 5 spell: Fireball
 27686 | D:15     | Found a staircase to the Depths.
 28420 | Shoals:1 | Entered Level 1 of the Shoals
 28777 | Shoals:1 | Noticed a kraken
 28795 | Shoals:1 | Killed a kraken
 29017 | Shoals:1 | Reached XP level 16. HP: 100/100 MP: 30/30
 29150 | Shoals:1 | Reached XP level 17. HP: 104/104 MP: 19/31
 29603 | Shoals:1 | Found Yribae's Gadget Gallery.
 29773 | Shoals:1 | Noticed a kraken
 29780 | Shoals:1 | Killed a kraken
 30565 | Shoals:2 | Noticed a kraken
 30576 | Shoals:2 | Killed a kraken
 30577 | Shoals:2 | Reached skill level 15 in Fire Magic
 30738 | Shoals:2 | Upgraded the game from 0.32-a0-921-g04a7ad8 to
                  | 0.32-a0-924-gf9495cf
 30932 | Shoals:2 | Reached ****** piety under Vehumet
 31053 | Shoals:2 | Noticed a kraken
 31067 | Shoals:2 | Killed a kraken
 31264 | Shoals:2 | Noticed a kraken
 31269 | Shoals:2 | Killed a kraken
 31406 | Shoals:2 | Upgraded the game from 0.32-a0-924-gf9495cf to
                  | 0.32-a0-928-g1cae6b7
 32108 | Shoals:3 | Offered knowledge of Freezing Cloud by Vehumet.
 32139 | Shoals:3 | Found a runed translucent gate.
 32140 | Shoals:3 | Found a runed translucent gate.
 32140 | Shoals:3 | Found an opulent altar of Gozag.
 32141 | Shoals:3 | Found a runed translucent gate.
 32147 | Shoals:3 | Noticed Ybij's ghost (adept MDFi)
 32274 | Shoals:4 | Entered Level 4 of the Shoals
 32286 | Shoals:4 | Noticed Mlioglotl
 32907 | D:11     | Killed Fannar
 32946 | Orc:1    | Entered Level 1 of the Orcish Mines
 33046 | Orc:1    | Upgraded the game from 0.32-a0-928-g1cae6b7 to
                  | 0.32-a0-931-g5a2cda0
 33124 | Orc:1    | Found a roughly hewn altar of Beogh.
 33269 | Orc:2    | Entered Level 2 of the Orcish Mines
 33269 | Orc:2    | Found Useff's Antique Weapon Shoppe.
 33319 | Orc:2    | Bought an ancient mace for 272 gold pieces
 33319 | Orc:2    | Identified the +8 mace of Uwue {venom, rC+ MP+9 Dex+2} (You
                  | bought it in a shop on level 2 of the Orcish Mines)
 33708 | Orc:2    | Found a staircase to the Elven Halls.
 33709 | Orc:2    | Noticed Nessos
 33713 | Orc:2    | Killed Nessos
 33916 | Orc:2    | Offered knowledge of Bombard by Vehumet.
 33931 | Orc:2    | Found Ephivi Fydei's Antique Weapon Shop.
 33949 | Orc:2    | Found a radiant altar of Vehumet.
 33949 | Orc:2    | Noticed Erolcha
 33954 | Orc:2    | Killed Erolcha
 33992 | Orc:2    | Found Iwihes's Antique Weapon Shop.
 33997 | Orc:2    | Noticed Nergalle
 34000 | Orc:2    | Killed Nergalle
 34008 | Orc:2    | Found an ancient bone altar of Kikubaaqudgha.
 34255 | Orc:2    | Found a roughly hewn altar of Beogh.
 34255 | Orc:2    | Found Redwev's Distillery.
 34321 | Orc:2    | Found Vehebus's Jewellery Boutique.
 34323 | Orc:2    | Bought a potion of curing for 33 gold pieces
 34323 | Orc:2    | Bought a potion of curing for 33 gold pieces
 34323 | Orc:2    | Bought a potion of mutation for 88 gold pieces
 34331 | Orc:2    | Bought a ring of fire for 350 gold pieces
 34610 | Elf:1    | Entered Level 1 of the Elven Halls
 34610 | Elf:1    | Noticed Kirke
 34613 | Elf:1    | Reached XP level 18. HP: 110/110 MP: 32/32
 34614 | Elf:1    | Killed Kirke
 34921 | Elf:1    | Reached skill level 11 in Spellcasting
 34926 | Elf:1    | Reached skill level 1 in Shields
 35012 | Elf:1    | Found a runed translucent gate.
 35014 | Elf:1    | Found a runed translucent gate.
 35014 | Elf:1    | Found a runed translucent gate.
 36007 | Elf:1    | Offered knowledge of Conjure Ball Lightning by Vehumet.
 36046 | Elf:1    | Noticed diche's ghost (adept DEEE)
 36067 | Elf:1    | Found a viscous altar of Jiyva.
 36115 | Elf:1    | Killed diche's ghost
 36682 | Elf:2    | Found a runed translucent gate.
 36683 | Elf:2    | Found a runed translucent gate.
 36683 | Elf:2    | Found a runed translucent gate.
 37058 | Elf:2    | Learned a level 6 spell: Bombard
 37420 | Elf:2    | Reached skill level 10 in Evocations
 37424 | Elf:2    | Noticed a deep elf blademaster
 37428 | Elf:2    | Killed a deep elf blademaster
 37864 | Elf:2    | Offered knowledge of Fire Storm by Vehumet.
 37864 | Elf:2    | Offered knowledge of Chain Lightning by Vehumet.
 37864 | Elf:2    | Offered knowledge of Polar Vortex by Vehumet.
 38041 | Elf:2    | Reached skill level 15 in Earth Magic
 38226 | Elf:3    | Entered Level 3 of the Elven Halls
 38245 | Elf:3    | Reached XP level 19. HP: 116/116 MP: 28/34
 38246 | Elf:3    | Paralysed by an air elemental for 1 turns
 38470 | Elf:3    | Reached skill level 12 in Spellcasting
 38470 | Elf:3    | Paralysed by an air elemental for 1 turns
 39203 | Elf:3    | Identified the ring "Usmitif" {*Corrode rElec EV+5 Slay+2}
 39424 | Elf:3    | Noticed a Hell Sentinel
 39713 | Elf:3    | Identified the +3 ring mail "Asorhegg" {Rampage}
 39726 | Elf:3    | HP: 2/116 [deep elf master archer/arrow (6)]
 39974 | Elf:3    | Identified the +0 scale mail of Skepticism {rC++}
 39984 | Abyss:2  | Cast into level 2 of the Abyss (a deep elf sorcerer)
 40104 | Abyss:2  | Found a corrupted altar of Lugonu.
 40178 | Elf:3    | Escaped the Abyss
 40720 | Elf:3    | Got the Elucidation of Created Hyperthermia
 40736 | Elf:3    | Got the Monograph on Feathery Charms
 40752 | Elf:3    | Got Qoodif's Atlas of Comburant Vapour
 40755 | Elf:3    | Got the Spellbook of Magnum Apparitions
 40756 | Elf:3    | Identified the staff "Vuwnud" {rF+ rC+ Ice Earth}
 40947 | Elf:3    | Found Ciustiab's Book Shoppe.
 40949 | Elf:3    | Found Jovyeg's Jewellery Boutique.
 40950 | Elf:3    | Found Emeukee's Book Shoppe.
 41443 | Shoals:3 | Identified the +1 rapier of Instinct {drain, Int+5}
 41840 | Shoals:3 | Killed Ybij's ghost
 42231 | Shoals:4 | Killed Mlioglotl
 42236 | Shoals:4 | Reached skill level 13 in Spellcasting
 42720 | Shoals:4 | Reached skill level 15 in Conjurations
 42729 | Shoals:4 | Got a barnacled rune of Zot
 42926 | Shoals:4 | Reached XP level 20. HP: 90/122 MP: 30/37
 43488 | Shoals:4 | Found a runed translucent door.
 45227 | Slime:1  | Entered Level 1 of the Pits of Slime
 45552 | Slime:3  | Gained mutation: You are vulnerable to heat. (rF-) [a
                  | shining eye]
 46281 | Slime:4  | Reached skill level 14 in Spellcasting
 47284 | Vaults:1 | Entered Level 1 of the Vaults
 47286 | Vaults:1 | Reached skill level 15 in Evocations
 47463 | Vaults:1 | Reached XP level 21. HP: 127/127 MP: 38/39
 47980 | Vaults:1 | Noticed Saint Roka
 47985 | Vaults:1 | Killed Saint Roka
 49753 | Vaults:2 | Identified the +4 ring mail of Xihuenn {*Slow rPois Int+5}
 50316 | Vaults:2 | Found Suischeaf's Antique Weapon Emporium.
 50324 | Vaults:2 | Bought a translucent broad axe for 207 gold pieces
 50324 | Vaults:2 | Identified the +9 broad axe of Lyjixi {flame, +Blink Str+2}
                  | (You bought it in a shop on level 2 of the Vaults)
 50855 | Vaults:2 | Found Pafola Lega's Armour Boutique.
 51063 | Vaults:2 | Reached skill level 15 in Spellcasting
 51504 | Vaults:3 | Reached XP level 22. HP: 79/135 MP: 31/41
 52838 | Vaults:3 | Identified the +3 cloak "Xeucwij" {rC+ Int+3}
 53008 | Vaults:3 | Found a staircase to the Crypt.
 53312 | Vaults:4 | Found Karaoxuwk's Armour Shoppe.
 53580 | Vaults:4 | Got the Secrets of Guile
 55106 | Vaults:4 | Got the Information on the Pyre
 55220 | Vaults:4 | Learned a level 9 spell: Fire Storm
 55237 | Vaults:5 | Entered Level 5 of the Vaults
 55239 | Vaults:5 | Reached XP level 23. HP: 143/143 MP: 42/42
 55333 | Crypt:1  | Entered Level 1 of the Crypt
 55378 | Crypt:1  | Noticed Donald
 55386 | Crypt:1  | Killed Donald
 58597 | Crypt:2  | Found a runed translucent door.
 58608 | Crypt:2  | Noticed Esecs's ghost (veteran GrEE)
 59783 | Crypt:3  | Entered Level 3 of the Crypt
 60648 | Crypt:3  | Found an ancient bone altar of Kikubaaqudgha.
 60921 | Crypt:3  | Reached XP level 24. HP: 148/148 MP: 42/42
 61263 | Crypt:3  | Identified the ring of the Assorted Places {rC+ rN++ Int+6}
 61275 | Crypt:3  | Identified the ring "Juix" {rN++ rCorr Str+2 Int+6}
 61429 | Crypt:3  | Found a staircase to the Tomb.
 61502 | Tomb:1   | Entered Level 1 of the Tomb of the Ancients
 62141 | Tomb:1   | Noticed a royal mummy
 62146 | Tomb:1   | Noticed a royal mummy
 62147 | Tomb:1   | Killed a royal mummy
 62175 | Tomb:1   | Killed a royal mummy
 62342 | Tomb:1   | Noticed a royal mummy
 62415 | Tomb:1   | Killed a royal mummy
 63614 | Spider:1 | Entered Level 1 of the Spider Nest
 63719 | Spider:1 | You are sucked into a shaft and drop 1 floor!
 64021 | Spider:2 | Identified the +7 flail "Qeapteco" {venom, rC+++ Str-2}
 65161 | Spider:4 | Entered Level 4 of the Spider Nest
 65307 | Spider:4 | Noticed Mara
 65311 | Spider:4 | Killed Mara
 65604 | Spider:4 | Reached XP level 25. HP: 150/153 MP: 27/42
 65905 | Spider:4 | Reached skill level 16 in Spellcasting
 65914 | Spider:4 | Identified the serpent talisman of Hopscotch {+Blink}
 65914 | Spider:4 | Noticed Aizul
 65916 | Spider:4 | Killed Aizul
 65919 | Spider:4 | Reached skill level 15 in Fighting
 65955 | Spider:4 | Got a milky-white gem with 39 turns to spare
 65980 | Spider:4 | Got a gossamer rune of Zot
 66188 | Lair:2   | Upgraded the game from 0.32-a0-931-g5a2cda0 to
                  | 0.32-a0-932-g5467873
 66465 | Depths:1 | Entered Level 1 of the Depths
 66693 | Depths:1 | Found a one-way gate to the infinite horrors of the Abyss.
 66867 | Depths:1 | Found a gateway to Hell.
 66958 | Depths:1 | Noticed Asterion
 66961 | Depths:1 | Killed Asterion
 67035 | Depths:1 | Found a sacrificial altar of Ru.
 67341 | Depths:2 | Reached skill level 17 in Spellcasting
 67511 | Depths:2 | Noticed a juggernaut
 67571 | Depths:2 | Killed a juggernaut
 67851 | Depths:2 | Found a one-way gateway to a ziggurat.
 68009 | Depths:2 | Found a glowing golden altar of the Shining One.
 68111 | Depths:2 | Found a sparkling altar of Nemelex Xobeh.
 68169 | Depths:2 | Found a runed translucent door.
 68172 | Depths:2 | Noticed a juggernaut
 68173 | Depths:2 | Found a runed translucent door.
 68178 | Depths:2 | Reached skill level 18 in Spellcasting
 68178 | Depths:2 | Killed a juggernaut
 68219 | Depths:2 | Identified the ring "Guemup" {rC++ EV+5}
 68348 | Depths:2 | Found a one-way gate leading to the halls of Pandemonium.
 68581 | Depths:3 | Noticed a juggernaut
 68587 | Depths:3 | Killed a juggernaut
 68588 | Depths:3 | Reached skill level 19 in Spellcasting
 68671 | Depths:3 | Reached XP level 26. HP: 95/160 MP: 30/46
 68711 | Depths:3 | Identified the orb of Sagurud {light, rPois Int-4 Slay+3}
 68711 | Depths:3 | Noticed Frederick
 68832 | Depths:3 | Identified the ring "Tuvvyecofe" {Ice +Blink Fly Will+
                  | Slay-2}
 68832 | Depths:3 | Noticed Josephina
 68839 | Depths:2 | Killed Josephina
 69014 | Depths:3 | Killed Frederick
 69015 | Depths:3 | Reached skill level 20 in Spellcasting
 69714 | Depths:3 | Found a corrupted altar of Lugonu.
 69844 | Depths:4 | Entered Level 4 of the Depths
 69847 | Depths:4 | Reached skill level 21 in Spellcasting
 70602 | Depths:4 | Reached skill level 22 in Spellcasting
 71334 | Depths:4 | Found a gate to the Realm of Zot.
 71867 | Slime:5  | Entered Level 5 of the Pits of Slime
 72074 | Slime:5  | Noticed the Royal Jelly
 72075 | Slime:5  | Reached XP level 27. HP: 165/165 MP: 49/49
 72084 | Slime:5  | Killed the Royal Jelly
 72086 | Slime:5  | Reached skill level 23 in Spellcasting
 72092 | Slime:5  | Reached skill level 1 in Necromancy
 72258 | Slime:5  | Identified the +1 scale mail of the Mertaur {Regen+ Str+2
                  | Int+4}
 72277 | Slime:5  | Identified the +5 quick blade of Voxkuim {spect, rPois
                  | Stlth+}
 72284 | Slime:5  | Got a slimy rune of Zot
 72302 | Slime:5  | Identified the +9 orcbow of Corpus Delicti {drain, rCorr
                  | Stlth+}
 72314 | Slime:5  | Identified the +1 plate armour of Terror {rElec Str+2}
 72335 | Slime:5  | Got Sif Muna's Atlas of Flame and Ceraunoscopy
 72342 | Slime:5  | Identified the +4 broad axe of Dim Light {flame, Dex+3}
 72355 | Slime:5  | Identified the +4 battleaxe of Qeggeketa {freeze, SInv}
 72404 | Slime:5  | Identified the +2 robe of Analysis {Dex+2 Slay+6}
 73351 | Zot:1    | Entered Level 1 of the Realm of Zot
 73381 | Zot:1    | Reached skill level 5 in Necromancy
 74425 | Zot:1    | Identified the +0 scale mail "Atrokit" {Int+4}
 74623 | Zot:2    | Found a shimmering blue altar of Sif Muna.
 74826 | Zot:2    | Reached skill level 10 in Necromancy
 75870 | Zot:3    | Noticed Grunn
 75994 | Zot:3    | Killed Grunn
 78194 | Zot:5    | Entered Level 5 of the Realm of Zot
 78704 | Zot:5    | Reached skill level 15 in Necromancy
 78712 | Zot:5    | Noticed a dread lich
 78712 | Zot:5    | Noticed an orb of fire
 78712 | Zot:5    | Noticed an orb of fire
 78712 | Zot:5    | Noticed an orb of fire
 78714 | Zot:5    | Gained mutation: Your spells are a little easier to cast,
                  | but a little less powerful. [an orb of fire]
 78714 | Zot:5    | Noticed an ancient lich
 78714 | Zot:5    | Noticed an ancient lich
 78716 | Zot:5    | Gained mutation: You are vulnerable to cold. (rC-) [an orb
                  | of fire]
 78724 | Zot:5    | Noticed a dread lich
 78730 | Zot:5    | Noticed an orb of fire
 78731 | Zot:5    | Noticed an orb of fire
 78731 | Zot:5    | Noticed a dread lich
 78732 | Zot:5    | Noticed an orb of fire
 78732 | Zot:5    | Noticed an orb of fire
 78738 | Zot:5    | Gained mutation: You are clumsy. (Dex -2) [an orb of fire]
 78856 | Zot:5    | Killed an ancient lich
 79570 | Lair:2   | Learned a level 9 spell: Death's Door
 79570 | Lair:2   | Lost mutation: You are vulnerable to heat. (rF-) [potion of
                  | mutation]
 79570 | Lair:2   | Lost mutation: You are clumsy. (Dex -2) [potion of
                  | mutation]
 79570 | Lair:2   | Gained mutation: You have hidden genetic defects. [potion
                  | of mutation]
 79570 | Lair:2   | Lost mutation: You have hidden genetic defects. [potion of
                  | mutation]
 79570 | Lair:2   | Gained mutation: You possess an exceptional clarity of
                  | mind. [potion of mutation]
 79571 | Lair:2   | Lost mutation: Your spells are a little easier to cast, but
                  | a little less powerful. [potion of mutation]
 79571 | Lair:2   | Lost mutation: You are vulnerable to cold. (rC-) [potion of
                  | mutation]
 79571 | Lair:2   | Gained mutation: You have supernaturally acute eyesight.
                  | (SInv) [potion of mutation]
 79571 | Lair:2   | Gained mutation: Your mind is acute. (Int +4, Str/Dex -1)
                  | [potion of mutation]
 80018 | Zot:5    | Gained mutation: Your spells are a little easier to cast,
                  | but a little less powerful. [an orb of fire]
 80023 | Zot:5    | Gained mutation: You occasionally lose the ability to drink
                  | potions when taking damage. [an orb of fire]
 80032 | Zot:5    | Gained mutation: Your body sometimes deteriorates upon
                  | taking damage. [an orb of fire]
 80036 | Zot:5    | Gained mutation: You are weak. (Str -2) [an orb of fire]
 80037 | Zot:5    | Gained mutation: You sometimes lose the ability to drink
                  | potions when taking damage. [an orb of fire]
 80050 | Zot:5    | Paralysed by a dread lich for 3 turns
 80051 | Zot:5    | HP: 7/165 [orb of fire/fireball (6)]
 80051 | Zot:5    | Killed from afar by a hellion

Illustrated notes

Levels and vault maps discovered:
D:1:      sevenhm_arrival_forest_fort_large_3, layout_basic, serial_rivers,
          chequers_serial_rivers_micro_c, chequers_serial_rivers_small_a,
          chequers_serial_rivers_micro_b, chequers_serial_rivers_micro_c,
          chequers_serial_rivers_small_a, serial_shops,
          nicolae_shop_gibbet_a_chance, shop, minmay_unequal
D:2:      layout_basic, shapermc_ecumenical_altar_notcrosses, serial_shops,
          nicolae_shop_window_shopping
D:3:      layout_rooms
D:4:      layout_basic, general_overflow_altar, gammafunk_ghost_stat_death
D:5:      layout_cave_pools, nicolae_dithmenos_through_a_glass_darkly,
          serial_park, serial_park_square2, serial_park_square3
          [serial_park_minivault_5x5_1], serial_park_tiny_2, serial_park_gazebo
          [serial_park_minivault_5x5_7], uniq_menkaure
D:6:      layout_loops_ring, nicolae_overflow_hidden_temple, vehumet_statue,
          minmay_temple_entry_gardened_gates, nicolae_shop_vocational
D:7:      kb_forest_paths, layout_cave_pools, nicolae_titane, uniq_joseph
D:8:      layout_rooms, erik_lair_dragon, enter_bailey_5, st_stairs_10
D:9:      layout_roguey, grunt_temple_overflow_open, uniq_maggie
D:10:     layout_gridville, serial_demonic, serial_demonic_e, serial_demonic_a,
          serial_demonic_b, serial_demonic_a, nicolae_diode_quadrants,
          uniq_psyche
D:11:     cheibrodos_shockbox, layout_irregular_city,
          portal_ice_cave_entry_ice_simulacra, uniq_fannar
D:12:     layout_basic, hiddenorc1_lemuel, uniq_snorg
D:13:     layout_roguey, david_vaults_5, serial_shops, shop, minivault_14,
          uniq_urug
D:14:     layout_cave_pools, reono_crystal_passage, serial_shops,
          nicolae_take_the_stairs
D:15:     hangedman_depths_entry_try_elsewhere_first, layout_irregular_city,
          serial_bayou_shore_b
Temple:   eino_temple_lava
Lair:1:   layout_cellular_growth, eino_small_chamber_without_monster,
          grunt_megastairs_3
Lair:2:   layout_misc_corridors, infiniplex_staircase_pool
Lair:3:   layout_roguey, minmay_shoals_entry_beasts,
          hellmonk_spider_entry_not_the_bees, hangedman_tree_tricks,
          lemuel_fruit_tree, grunt_megastairs_4, serial_bayou_shore_b
Lair:4:   layout_cave_pods, beast_lair_carwin_3
Lair:5:   grunt_lair_end_beastmaster, layout_small_grid,
          nicolae_slime_entry_field_trip, enter_volcano_1,
          gauntlet_entry_generic, serial_bayou_lagoon_a,
          small_statue_intersection
Shoals:1: layout_shoals, nicolae_shop_gadgets
Shoals:2: layout_shoals, nicolae_shoals_water_shrine
Shoals:3: layout_shoals, ebering_ghost_gozag
Shoals:4: shoals_end_hangedman, layout_shoals, lightli_airlock, uniq_mlioglotl
Spider:1: layout_spider_delve
Spider:2: layout_spider_delve, drop_trap, nicolae_spider_orb_run
Spider:3: layout_spider_delve
Spider:4: floodkiller_spider_rune_tomb, drop_trap, uniq_mara, uniq_aizul
Slime:1:  layout_caves
Slime:2:  layout_caves
Slime:3:  layout_caves, nicolae_slime_ancient_tower_intersection,
          nicolae_slime_phagocytosis
Slime:4:  layout_caves
Slime:5:  slime_pit_nicolae_amoeboid
Orc:1:    layout_caves, basic_altar
Orc:2:    kennysheep_orc_mage_school, layout_diamond_mine, serial_shops, shop,
          library_closet, uniq_nessos
Elf:1:    elf_arrival_001, layout_onion_city, gammafunk_ghost_ooze,
          nicolae_elf_crossing_hall, grunt_ministairs_3, uniq_kirke
Elf:2:    nicolae_elf_blades_crystal_corner, layout_gridlike, chequers_big_river
Elf:3:    minmay_elf_hall_curves, layout_loops_cross, minmay_shop_grove
Vaults:1: hangedman_vaults_corner, nicolae_vaults_shipping_containers_5,
          nicolae_vaults_tetromino_Z_1, v_rooms_1,
          nicolae_vaults_ring_of_whatevers, ontoclasm_vaults_claustrophobia,
          vaults_mumra_hexcomb, vaults_room_pool, nicolae_vaults_back_hallway,
          v_rooms_3, v_misc_23, v_pattern_2, nicolae_vaults_diamond_2,
          nicolae_vaults_more_shelving_2, layout_vaults_omnibox, uniq_saint_roka
Vaults:2: nicolae_vaults_taking_the_gang_shopping, hangedman_vaults_locks,
          nicolae_vaults_little_squares_3, ontoclasm_vaults_fault,
          nicolae_vaults_shipping_containers_7, nicolae_vaults_border_crossing,
          nicolae_vaults_layer_cake_slice, ontoclasm_vaults_spin,
          hangedman_vaults_nails, v_misc_4, ontoclasm_vaults_ring_small,
          nicolae_vaults_apartment_1, ontoclasm_vaults_ring_square,
          nicolae_vaults_diamond_1, layout_vaults_omnicross, serial_shops,
          nicolae_shop_tiny_waterfront
Vaults:3: nicolae_vaults_surprise_closet_hard, nicolae_vaults_wrenched,
          nicolae_vaults_ninety_degrees, v_pattern_4,
          nicolae_vaults_diagonal_hallway_8, v_misc_30, nicolae_vaults_house_1,
          minmay_crypt_entry_simple_round, nicolae_vaults_rhombus_5,
          layout_vaults_omnigrid
Vaults:4: nicolae_vaults_six-pack, nicolae_vaults_stairing_the_circle,
          nicolae_vaults_hexular_roomagon, nicolae_vaults_doubleplus_tesselated,
          nicolae_vaults_diamond_1, ontoclasm_vaults_eye,
          nicolae_vaults_shelves_hall, grunt_vaults_funnel,
          vaults_standard_mumra_x, nicolae_vaults_trapezoid_1,
          layout_vaults_ring, serial_magic_research,
          hangedman_research_pyrotechnics, hangedman_research_probablistics,
          serial_shops, shop
Vaults:5
Crypt:1:  layout_misc_corridors, grunt_crypt_arrival_split, grunt_megastairs_2,
          uniq_donald, uniq_boris
Crypt:2:  layout_basic, hellmonk_ghost_big_iron
Crypt:3:  grunt_crypt_end_deaths_head
Tomb:1
Depths:1: layout_gridlike, nicolae_ru_the_path_less_chosen,
          hangedman_abyss_entry_splay, hell_entry, minmay_misc_feat_x,
          ice2_lemuel, grunt_megastairs_1, uniq_asterion
Depths:2: minmay_expanding_circles, layout_cave_shapes, enter_ziggurat_a,
          nicolae_tso_swordbearing_angel, grunt_pan_entry_spiral, hell_entry,
          nemelex_diamond_rough_becter
Depths:3: minmay_central_circle, layout_twisted_cross, abyss_entry_flame_altar,
          hell_entry, uniq_josephina, uniq_frederick
Depths:4: grunt_runaround [grunt_runaround_zot, grunt_runaround_doors_1,
          grunt_runaround_doors_2, grunt_runaround_doors_3,
          grunt_runaround_doors_4], pan_entry, hell_entry
Zot:1:    layout_misc_corridors, regret_index_zotdec_iron_s,
          regret_index_zotdec_zees
Zot:2:    layout_twisted_circle, regret_index_zotdec_silver_v_v_loose,
          basic_altar
Zot:3:    layout_concentric_octagons, hangedman_zot_decor_scrapings,
          regret_index_zotdec_stipple_waver, uniq_grunn
Zot:4:    hangedman_snap_crack_crunch, layout_onion_interference
Zot:5:    layout_gridlike

Skill      XL: |  1  2  3  4  5  6  7  8  9 10 11 12 13 14 15 16 17 18 19 20 21 22 23 24 25 26 27 |
---------------+----------------------------------------------------------------------------------+-----
Earth Magic    | 4 5 6 7 8 9 10 11 12 13 15 16 18 19 21 22 | 22.0
Spellcasting   | 3 4 5 6 7 8 9 10 11 13 14 15 19 22 23 | 23.0
Conjurations   | 2 3 4 5 6 7 9 10 11 12 13 15 16 17 18 20 22 | 22.0
Fighting       | 2 4 5 7 8 10 11 12 13 14 15 | 15.0
Armour         | 2 4 |  4.0
Dodging        | 2 3 4 5 6 7 8 |  8.0
Evocations     | 2 3 4 5 7 8 10 13 15 | 15.0
Fire Magic     | 6 13 18 19 21 22 | 22.0
Shields        | 4 |  4.0
Necromancy     | 15 | 15.6
Stealth        | |  2.1

Action                     |  1- 3 |  4- 6 |  7- 9 | 10-12 | 13-15 | 16-18 | 19-21 | 22-24 | 25-27 || total
---------------------------+-------+-------+-------+-------+-------+-------+-------+-------+-------++-------
  Melee: Hand axe          |     8 |       |       |       |       |       |       |       |       ||     8
         Rapier            |       |       |    76 |   156 |       |       |       |       |       ||   232
         Staff             |       |       |       |       |    10 |     4 |    72 |    57 |    32 ||   175
         Mace              |       |       |       |       |       |    12 |    17 |       |       ||    29
         Broad axe         |       |       |       |       |       |       |       |     3 |       ||     3
   Cast: Sandblast         |    62 |    79 |    83 |   171 |   277 |    32 |    34 |    16 |     4 ||   758
         Passwall          |       |     2 |     3 |     6 |     5 |     2 |     1 |     2 |    12 ||    33
         Stone Arrow       |       |     5 |    36 |   137 |   414 |   105 |     7 |     4 |     3 ||   711
         Iskenderun's Myst |       |       |       |     1 |   120 |    15 |    17 |     6 |     6 ||   165
         Lee's Rapid Decon |       |       |       |       |    29 |    64 |   100 |   220 |    99 ||   512
         Fireball          |       |       |       |       |    25 |   183 |    97 |    48 |     4 ||   357
         Blink             |       |       |       |       |     2 |     3 |     8 |     3 |     4 ||    20
         Ignition          |       |       |       |       |       |    32 |    95 |    52 |    23 ||   202
         Bombard           |       |       |       |       |       |    19 |   215 |   140 |   192 ||   566
         Fire Storm        |       |       |       |       |       |       |       |   110 |   351 ||   461
Ability: Evoke Blink       |       |       |       |       |       |       |       |     1 |       ||     1
  Evoke: Wand              |       |       |       |    31 |     4 |     2 |       |       |       ||    37
    Use: Scroll            |       |       |       |    24 |    12 |     3 |       |     2 |    26 ||    67
         Potion            |       |       |       |     1 |     1 |     2 |     4 |       |    12 ||    20
 Armour: Robe              |    17 |    31 |    87 |       |       |       |       |       |       ||   135
         Leather armour    |       |       |     7 |   234 |   281 |   177 |   319 |   182 |       ||  1200
         Troll leather arm |       |       |       |       |   103 |     5 |    10 |    48 |   257 ||   423
  Dodge: Dodged            |    14 |    26 |    68 |   182 |   297 |    89 |   166 |   135 |   108 ||  1085
  Block: Buckler           |       |       |       |       |       |       |       |    27 |    47 ||    74

Table legend: (Time is in decaauts)
 A = Elapsed time spent in this place.
 B = Non-inter-level travel time spent in this place.
 C = Inter-level travel time spent in this place.
 D = Time resting spent in this place.
 E = Time spent auto-exploring this place.
 F = Levels seen in this place.
 G = Mean time per level.
                   A        B        C        D        E       F      G
               +--------+--------+--------+--------+--------+-----+--------+
         Total |  80662 |  72403 |   8259 |  20758 |  24327 |  61 | 1322.3 |
       Dungeon |  21690 |  17978 |   3712 |   3732 |   8638 |  15 | 1446.0 |
        Temple |     24 |     24 |      0 |      0 |      0 |   1 |   24.0 |
          Lair |   9240 |   7715 |   1525 |   1884 |   3403 |   5 | 1848.0 |
        Shoals |   6455 |   6177 |    278 |   2431 |   1278 |   4 | 1613.8 |
   Spider Nest |   2529 |   2330 |    199 |    275 |    912 |   4 |  632.2 |
    Slime Pits |   2787 |   2416 |    371 |    480 |    835 |   5 |  557.4 |
  Orcish Mines |   1707 |   1561 |    146 |    167 |    772 |   2 |  853.5 |
   Elven Halls |   6294 |   6117 |    177 |   2620 |   1265 |   3 | 2098.0 |
        Vaults |   8499 |   8075 |    424 |   2801 |   3205 |   5 | 1699.8 |
         Crypt |   5998 |   5638 |    360 |   2403 |   1468 |   3 | 1999.3 |
          Tomb |   1552 |   1463 |     89 |    568 |     79 |   1 | 1552.0 |
        Depths |   5401 |   4825 |    576 |    927 |   1229 |   4 | 1350.2 |
           Zot |   5909 |   5511 |    398 |   1240 |   1195 |   5 | 1181.8 |
         Abyss |    200 |    200 |      0 |     62 |      0 |   1 |  200.0 |
        Bailey |    589 |    589 |      0 |    317 |      0 |   1 |  589.0 |
      Ice Cave |   1312 |   1312 |      0 |    641 |     48 |   1 | 1312.0 |
       Volcano |    468 |    468 |      0 |    209 |      0 |   1 |  468.0 |
               +--------+--------+--------+--------+--------+-----+--------+

Top non-repeatable levels by time:
 Crypt:1: 2898 daAuts
     D:8: 2482 daAuts
Vaults:1: 2346 daAuts
   Elf:1: 2322 daAuts
Vaults:3: 2320 daAuts
   Elf:3: 2225 daAuts
  Lair:3: 2188 daAuts
  Lair:1: 2180 daAuts
    D:12: 2127 daAuts
Vaults:2: 1958 daAuts
Shoals:1: 1953 daAuts
Vaults:4: 1867 daAuts
  Lair:2: 1826 daAuts
Depths:4: 1811 daAuts
   Elf:2: 1746 daAuts
